 Dungeon Crawl Stone Soup version 0.28.0-53-g5a82cb258f (webtiles) character file.

Game seed: 10199589407107853261

151 styxcanada the Sneak (level 5, -2/26 HPs)
             Began as a Spriggan Brigand on Aug 5, 2022.
             Slain by a gnoll
             ... wielding a +0 halberd
              (4 damage)
             ... on level 4 of the Dungeon.
             The game lasted 00:11:55 (3461 turns).

styxcanada the Sneak (Spriggan Brigand)             Turns: 3461, Time: 00:11:56

Health: -2/26      AC:  5    Str: 13    XL:     5   Next: 10%
Magic:  7/7        EV: 17    Int: 13    God:
Gold:   134        SH:  0    Dex: 18    Spells: 6/6 levels left

rFire   . . .      SeeInvis +   a - +2 dagger
rCold   + . .      Faith    .   (no shield)
rNeg    . . .      Spirit   .   b - +0 robe
rPois   .          Reflect  .   g - +2 hat {Stlth+}
rElec   .          Harm     .   c - +0 cloak
rCorr   +          Rampage  .   (gloves unavailable)
Will    .....                   (boots unavailable)
Stlth   +++++.....              (no amulet)
HPRegen 0.08/turn               f - ring of Sif Muna's Grace {rC+ rCorr Str+6}
MPRegen 0.10/turn               (no ring)

@: very quick
A: very small, no large weapons, unfitting armour, see invisible, speed 3
a: no special abilities


You were on level 4 of the Dungeon.
You visited 1 branch of the dungeon, and saw 4 of its levels.

You collected 134 gold pieces.

Inventory:

Hand Weapons
 a - a +2 dagger (weapon)
 i - a +0 hunting sling
Missiles
 d - 7 poisoned darts (quivered)
 e - 2 curare-tipped darts
 j - 78 stones
Armour
 b - a +0 robe (worn)
 c - a +0 cloak (worn)
 g - a +2 hat of stealth (worn)
Jewellery
 f - the ring of Sif Muna's Grace (left hand) {rC+ rCorr Str+6}
   (You acquired it on level 1 of the Dungeon)

   [ring of strength]

   Str:       It affects your strength (+6).
   rC:        It protects you from cold.
   rCorr:     It protects you from acid and corrosion.
Potions
 h - a potion of lignification
 k - a potion of brilliance
 l - a potion of haste {unknown}
 m - 3 potions of curing {unknown}
 n - 2 potions of degeneration {unknown}


   Skills:
 * Level 2.2 Fighting
 + Level 3.1 Short Blades
 + Level 0.2(1.5) Slings
 + Level 2.1 Throwing
 * Level 2.6 Dodging
 * Level 7.8 Stealth
 * Level 1.2 Spellcasting


You had 6 spell levels left.
You didn't know any spells.
Your spell library contained the following spells:

 Spells                   Type           Power      Damage    Failure   Level
 Summon Small Mammal      Summ           0%         N/A       28%         1
 Call Canine Familiar     Summ           0%         N/A       63%         3
 Portal Projectile        Hex/Tloc       0%         N/A       63%         3
 Summon Guardian Golem    Hex/Summ       0%         N/A       63%         3
 Leda's Liquefaction      Hex/Erth       0%         N/A       95%         4
 Blade Hands              Tmut           0%         N/A       100%        5
 Excruciating Wounds      Necr           0%         N/A       100%        5


Dungeon Overview and Level Annotations

Branches:
Dungeon (4/15)
 Temple: D:4-7

Altars:


Innate Abilities, Weirdness & Mutations

You are very small and have problems with some larger weapons.
You are too small for most types of armour.
You have supernaturally acute eyesight. (SInv)
You cover ground extremely quickly. (Speed+++)


Message History

You completely miss the gnoll.
The gnoll is heavily wounded.
The gnoll closely misses you.
You completely miss the gnoll.
The gnoll is severely wounded.
The gnoll misses you. The gnoll closely misses you.
You hit the gnoll.
The gnoll is almost dead.
The gnoll looks more healthy.
The gnoll completely misses you. The gnoll misses you.
You hit the gnoll.
The gnoll is almost dead.
The gnoll hits you with a +0 flail! The gnoll completely misses you.
You hit the gnoll.
You kill the gnoll!
The gnoll barely misses you.
Things that are here:
a +0 flail; a gnoll corpse You hit the gnoll.
The gnoll is heavily wounded.
The gnoll hits you with a +0 halberd!
* * * LOW HITPOINT WARNING * * *
You hit the gnoll.
The gnoll is severely wounded.
The gnoll hits you with a +0 halberd.
* * * LOW HITPOINT WARNING * * *
Throw: 9 darts (poison)
Press: ? - help, Q - select action, (/) - cycle Shift-Dir - straight line, f - gnoll
Aim: a gnoll, wielding a +0 halberd (severely wounded, 66% to hit)
You throw a poisoned dart. The poisoned dart hits the gnoll.
The gnoll is severely wounded.
The gnoll completely misses you.
Throw: 8 darts (poison)
Press: ? - help, Q - select action, (/) - cycle Shift-Dir - straight line, f/p - gnoll
Aim: a gnoll, wielding a +0 halberd (severely wounded, 66% to hit)
You throw a poisoned dart.
The poisoned dart barely misses the gnoll.
Unknown command.
The gnoll hits you from afar with a +0 halberd.
You die...

### #.#### #.# ###
#(#..# #.# ..# #[...#
##.## #.# .(..###@..##
#.# #.......#g.# #.#
.#####..###..(.# #.#
ggg...g(.....#.# #.#
#.######(# #.# ##g####
#)# #.# #>.g..# #.#
#.####
#.###.###.#######....#
#. #.g.........)..#.#


You could see a gnoll.

Vanquished Creatures
  A jelly (D:4)
  Jessica (D:3)
  A gnoll (D:4)
  An adder (D:3)
  An ufetubus (D:4)
  A worm (D:2)
  5 dart slugs
  3 orcs
  4 ball pythons
  5 endoplasms
  2 giant cockroaches
  2 goblins
  5 hobgoblins (D:1)
  3 jackals (D:1)
  3 quokkas
  6 bats
  A frilled lizard (D:3)
  4 kobolds
  5 rats
54 creatures vanquished.

Notes
Turn   | Place    | Note
-------+----------+-------------------------------------------
     0 | D:1      | styxcanada the Spriggan Brigand began the quest for the
                  | Orb.
     0 | D:1      | Reached XP level 1. HP: 10/10 MP: 2/2
    45 | D:1      | Reached skill level 6 in Stealth
   221 | D:1      | Reached XP level 2. HP: 8/14 MP: 3/3
   893 | D:1      | Reached XP level 3. HP: 6/18 MP: 4/4
  1204 | D:1      | Reached skill level 7 in Stealth
  1209 | D:1      | Identified a scroll of acquirement
  1209 | D:1      | Acquired the ring of Sif Muna's Grace {rC+ rCorr Str+6}
  1768 | D:2      | Found a faded altar of an unknown god.
  2332 | D:3      | Reached XP level 4. HP: 23/23 MP: 5/5
  2385 | D:3      | Noticed Jessica
  2391 | D:3      | Killed Jessica
  2656 | D:4      | HP: 1/23 [acid (3)]
  2698 | D:4      | Reached skill level 1 in Spellcasting
  3080 | D:4      | Reached XP level 5. HP: 15/26 MP: 7/7
  3450 | D:4      | HP: 1/26 [gnoll/+0 halberd (4)]
  3461 | D:4      | Slain by a gnoll

Illustrated notes

Levels and vault maps discovered:
D:1:      onia_arrival_pyramid, layout_loops_ring,
          minmay_misc_feat_secret_circle
D:2:      layout_rooms, shapermc_ecumenical_altar_flowoftime
D:3:      layout_rooms, uniq_jessica
D:4:      minmay_angry_zag, layout_loops_ring

Skill      XL: |  1  2  3  4 |
---------------+-------------+-----
Stealth        | 6 7 |  7.8
Dodging        | 2 |  2.6
Fighting       | 2 |  2.2
Short Blades   | 3 |  3.1
Spellcasting   | 1 |  1.2
Slings         | |  0.2
Throwing       | |  2.1

Action                   |  1- 3 |  4- 6 || total
-------------------------+-------+-------++-------
Melee: Dagger            |   108 |    39 ||   147
       Punch             |     1 |     1 ||     2
 Fire: Hunting sling     |       |    11 ||    11
Throw: Dart              |    12 |    13 ||    25
  Use: Scroll            |     3 |     3 ||     6
 Stab: Sleeping          |    12 |     1 ||    13
       Distracted        |     1 |       ||     1
Armor: Robe              |    11 |     2 ||    13
Dodge: Dodged            |    58 |    34 ||    92
